 Dungeon Crawl Stone Soup version 0.18-a0-1800-gdc7a371 (webtiles) character file.

8587 poirepourri the Blocker (level 11, -2/94 HPs)
             Began as a Minotaur Fighter on Apr 24, 2016.
             Was a High Priest of Makhleb.
             Slain by a vampire (7 damage)
             ... on level 10 of the Dungeon.
             The game lasted 00:14:35 (9206 turns).

poirepourri the Blocker (Minotaur Fighter)          Turns: 9206, Time: 00:14:37

Health: -2/94      AC: 15    Str: 23    XL:     11   Next: 11%
Magic:  10/10      EV: 12    Int:  5    God:    Makhleb [*****.]
Gold:   331        SH: 18    Dex: 11    Spells: 0 memorised, 10 levels left

rFire  . . .     SeeInvis .     a - +3 war axe
rCold  . . .     Gourm    .     l - +1 scale mail
rNeg   . . .     Faith    .     c - +2 shield
rPois  .         Spirit   .     (helmet restricted)
rElec  .         Dismiss  .     D - +0 cloak
rCorr  +         Reflect  +     G - +1 pair of gloves {archery}
SustAt .         Harm     .     o - +1 pair of boots
MR     .....                    x - +4 amulet of reflection
Stlth  ..........               (no ring)
                                r - ring of resist corrosion

@: lethally poisoned (-2 -> -3), not resistant to hostile enchantments,
extremely unstealthy
A: retaliatory headbutt, horns 2
a: Minor Destruction, Lesser Servant of Makhleb, Major Destruction, Greater
Servant of Makhleb, Renounce Religion


You were on level 10 of the Dungeon.
You worshipped Makhleb.
Makhleb was extremely pleased with you.
You were near starving.

You visited 1 branch of the dungeon, and saw 10 of its levels.

You collected 457 gold pieces.
You spent 126 gold pieces at shops.

Inventory:

Hand Weapons
 a - a +3 war axe (weapon)
 b - a +2 hand crossbow
Missiles
 w - 48 bolts
Armour
 c - a +2 shield (worn)
 l - a +1 scale mail (worn)
 o - a +1 pair of boots (worn)
 A - a +0 pair of gloves
 D - a +0 cloak (worn)
 G - a +1 pair of gloves of archery (worn)
Jewellery
 r - a ring of resist corrosion (left hand)
 x - a +4 amulet of reflection (around neck)
Wands
 j - a wand of lightning (8/15)
 E - a wand of polymorph (6/24)
Scrolls
 e - 6 scrolls of identify
 h - 8 scrolls of remove curse
Potions
 d - a potion of brilliance {unknown}
 k - a potion of agility {unknown}
 m - a potion of magic
 p - 2 potions of cancellation
Books
 s - a book of Cantrips

   Spells                             Type                      Level
   a - Corona                         Hexes                        1
   b - Animate Skeleton               Necromancy                   1
   c - Summon Small Mammal            Summoning                    1
   d - Apportation                    Translocation                1
 C - a book of Spatial Translocations

   Spells                             Type                      Level
   a - Apportation                    Translocation                1
   b - Blink                          Translocation                2
   c - Shroud of Golubria             Charms/Translocation         2
   d - Portal Projectile              Translocation                3
   e - Teleport Other                 Translocation                3
   f - Passage of Golubria            Translocation                4
 F - a book of Battle

   Spells                             Type                      Level
   a - Infusion                       Charms                       1
   b - Shroud of Golubria             Charms/Translocation         2
   c - Song of Slaying                Charms                       2
   d - Spectral Weapon                Hexes/Charms                 3
   e - Regeneration                   Charms/Necromancy            3
Comestibles
 f - 8 bread rations
 i - 5 meat rations
 q - 13 fruits
 t - 2 beef jerkies


   Skills:
 + Level 8.1 Fighting
 + Level 9.6 Axes
 + Level 6.4 Crossbows
 + Level 9.0 Armour
 + Level 8.0 Dodging
 + Level 1.0 Stealth
 + Level 10.2 Shields
 + Level 0.2 Invocations


You had 10 spell levels left.
You didn't know any spells.

Dungeon Overview and Level Annotations

Branches:
Dungeon (10/15)            Temple (0/1) D:4
   Lair: D:8-11         Orc: D:9-12

Altars:
Cheibriados
Dithmenos
Elyvilon
Gozag
Kikubaaqudgha
Makhleb
Nemelex Xobeh
Okawaru
Pakellas
Qazlal
Ru
Sif Muna
Vehumet
Zin
The Shining One

Shops:
D:10 [


Innate Abilities, Weirdness & Mutations

You reflexively headbutt those who attack you in melee.
You have a pair of horns on your head.


Message History

The ball of steam hits the orange demon.
The orange demon is engulfed in a cloud of scalding steam.
The orange demon is engulfed in a cloud of scalding steam.
The orange demon stings your smoke demon.
The orange demon hits your smoke demon.
You feel sick.
Your smoke demon gestures at the orange demon.
The orange demon is smitten.
The orange demon dies!
You see here a whip.
You don't have enough health at the moment.
Press: ? - help, Shift-Dir - straight line, f - giant gecko
Aim: a giant gecko (severely wounded, clinging)
The stone arrow hits the giant gecko.
You kill the giant gecko!
Makhleb accepts your kill.
You feel better.
You feel slightly more hungry.
You feel sick.
The wight is engulfed in a cloud of scalding steam.
Something hits you but does no damage. Something bites you!
You die...

..###............#### ### .
##..............#### ###..
##...............)#
####....
##..............####.......
###............##.........
##......................
##....##.........######
##..)........##.#
##..@.)..#####)# ##.))####
#.# #.†## #.# ###..#####
#.###### #...z....##
#....... ##.§.4.....#
######## .. #...zt.....#
........# #..§3.....##
♣.......# ##.....(.##


You could see a crocodile, 2 wights, a friendly orange demon and a friendly
smoke demon.

Vanquished Creatures
  The ghost of turtle the Grappler, a novice TrWr of Cheibriados (D:8)
  A merfolk (D:9)
  A troll (D:9)
  A vampire (D:9)
  15 yaks (D:10)
  A hippogriff (D:7)
  A basilisk (D:10)
  A hungry ghost (D:10)
  A water moccasin (D:5)
  7 porcupines (D:10)
  2 orc warriors
  2 ice beasts
  4 sky beasts
  3 phantoms
  5 ogres
  3 centaurs
  A crocodile (D:10)
  The ghost of Yehuk the Ducker, an amateur DEMo (D:3)
  3 giant frogs
  2 gnoll sergeants
  A water moccasin zombie (D:5)
  A wyvern skeleton (D:10)
  3 scorpions
  A wight (D:4)
  7 howler monkeys
  9 crimson imps
  A giant frog zombie (D:9)
  8 orc priests
  2 giant frog skeletons
  A gnoll shaman (D:5)
  3 hounds
  2 iguanas (D:4)
  4 orc wizards
  9 worker ants
  A howler monkey zombie (D:5)
  A worker ant zombie (D:6)
  10 adders
  10 gnolls
  A howler monkey skeleton (D:7)
  2 river rats (D:10)
  2 shadow imps (D:6)
  2 adder skeletons
  3 worms
  3 dart slugs
  8 giant geckos
  23 orcs
  4 ball pythons
  6 bats
  5 giant cockroaches
  6 goblins
  9 hobgoblins
  14 jackals
  7 quokkas
  3 giant newts
  A goblin skeleton (D:7)
  A goblin zombie (D:7)
  A hobgoblin zombie (D:7)
  A jackal skeleton (D:4)
  11 kobolds
  A kobold skeleton (D:7)
  A kobold zombie (D:7)
  2 orc skeletons (D:7)
  2 orc zombies (D:7)
  2 quokka skeletons
  8 rats
  A fungus (D:6)
260 creatures vanquished.

Vanquished Creatures (collateral kills)
  A howler monkey (D:10)
1 creature vanquished.

Vanquished Creatures (others)
  A centaur (D:7)
  A bush (D:10)
  2 fungi (D:10)
  4 plants (D:10)
8 creatures vanquished.

Grand Total: 269 creatures vanquished

Notes
Turn   | Place    | Note
--------------------------------------------------------------
     0 | D:1      | poirepourri the Minotaur Fighter began the quest for the Orb.
     0 | D:1      | Reached XP level 1. HP: 19/19 MP: 0/0
   365 | D:1      | Reached XP level 2. HP: 27/27 MP: 1/1
   566 | D:1      | Reached skill level 4 in Shields
   758 | D:1      | Reached XP level 3. HP: 33/33 MP: 2/2
  1187 | D:2      | Found an oddly glowing altar of Pakellas.
  1412 | D:2      | Reached XP level 4. HP: 41/41 MP: 3/3
  2074 | D:3      | Noticed Yehuk's ghost (amateur DEMo)
  2124 | D:3      | Killed Yehuk's ghost
  2124 | D:3      | Reached skill level 1 in Dodging
  2124 | D:3      | Reached XP level 5. HP: 42/47 MP: 4/4
  2276 | D:3      | Noticed an ogre
  2284 | D:3      | Killed an ogre
  2466 | D:3      | Reached skill level 5 in Armour
  2470 | D:3      | Reached XP level 6. HP: 55/55 MP: 5/5
  2541 | D:3      | Found a glowing silver altar of Zin.
  2645 | D:3      | Reached skill level 5 in Shields
  3021 | D:4      | Reached skill level 5 in Fighting
  3150 | D:4      | Found a stormy altar of Qazlal.
  3207 | D:4      | Reached skill level 5 in Axes
  3207 | D:4      | Reached XP level 7. HP: 61/61 MP: 6/6
  3365 | D:4      | Found a staircase to the Ecumenical Temple.
  3943 | D:5      | Entered Level 5 of the Dungeon
  4044 | D:5      | Reached skill level 6 in Shields
  4296 | D:5      | Reached XP level 8. HP: 65/69 MP: 7/7
  4412 | D:5      | Found a burning altar of Makhleb.
  4412 | D:5      | Noticed a cacodemon
  4434 | D:5      | Noticed an orange demon
  4434 | D:5      | Noticed a smoke demon
  4436 | D:5      | Became a worshipper of Makhleb the Destroyer
  4963 | D:6      | Reached skill level 1 in Crossbows
  4963 | D:6      | Reached skill level 5 in Dodging
  5066 | D:6      | Found a white marble altar of Elyvilon.
  5197 | D:6      | Reached * piety under Makhleb
  5274 | D:6      | Found a sparkling altar of Nemelex Xobeh.
  5274 | D:6      | Found a snail-covered altar of Cheibriados.
  5274 | D:6      | Found an ancient bone altar of Kikubaaqudgha.
  5329 | D:6      | Found an iron altar of Okawaru.
  5743 | D:6      | Reached skill level 7 in Shields
  5743 | D:6      | Reached XP level 9. HP: 78/78 MP: 8/8
  6115 | D:7      | Found a glowing golden altar of the Shining One.
  6128 | D:7      | Reached ** piety under Makhleb
  6347 | D:7      | Reached skill level 5 in Crossbows
  6526 | D:7      | Found a shadowy altar of Dithmenos.
  6869 | D:8      | Reached skill level 8 in Shields
  7030 | D:8      | Found an opulent altar of Gozag.
  7181 | D:8      | Reached *** piety under Makhleb
  7464 | D:8      | Noticed turtle's ghost (novice TrWr)
  7820 | D:8      | Killed turtle's ghost
  7852 | D:8      | Reached skill level 1 in Stealth
  8047 | D:9      | Found a radiant altar of Vehumet.
  8060 | D:9      | Reached XP level 10. HP: 84/84 MP: 9/9
  8068 | D:9      | Found a deep blue altar of Sif Muna.
  8102 | D:9      | Reached skill level 9 in Shields
  8430 | D:9      | Found a sacrificial altar of Ru.
  8495 | D:10     | Entered Level 10 of the Dungeon
  8523 | D:9      | Reached **** piety under Makhleb
  8567 | D:10     | Found Zipuset's Antique Armour Shoppe.
  8619 | D:10     | Bought a pair of glowing gloves for 126 gold pieces
  8796 | D:10     | Reached skill level 10 in Shields
  8894 | D:10     | Reached XP level 11. HP: 94/94 MP: 10/10
  8897 | D:10     | Reached ***** piety under Makhleb
  9206 | D:10     | Slain by a vampire

Vault maps used:
D:1:      evilmike_arrival_run_for_it
D:2:      grunt_pakellas_salt
D:3:      nicolae_overflow_crystal_walls
D:4:      kennysheep_little_box, minmay_temple_entry_from_below_a
D:5:      first_bread, minmay_stone_trees_small, makhleb_altar_promises_db
D:6:      overflow_temple_1_default, gammafunk_temple_overflow_claw,
          elyvilon_altar_1
D:7:      kennysheep_mini, nicolae_tso_besieged_by_evil
D:8:      marbit_many_paths
D:9:      overflow_temple_1_default, lemuel_doored_altar, lemuel_crystal_altar,
          hangedman_fish_farm, st_stairs_14
D:10:     minmay_lair_entry_grove, serial_shops, shop, nicolae_shop_trees,
          nicolae_shop_overgrown_old_shop, minmay_misc_feat_hallway,
          nrook_mini_vaults

Skill      XL: |  1  2  3  4  5  6  7  8  9 10 11 |
---------------+----------------------------------+-----
Shields        | 4 5 6 7 8 10 | 10.2
Fighting       | 4 5 6 7 8 |  8.1
Armour         | 4 5 6 7 8 9 |  9.0
Axes           | 3 4 5 6 7 9 |  9.6
Dodging        | 1 3 4 5 6 7 8 |  8.0
Crossbows      | 3 6 |  6.4
Stealth        | 1 |  1.0
Invocations    | |  0.2

Action                   |  1- 3 |  4- 6 |  7- 9 | 10-12 || total
-------------------------+-------+-------+-------+-------++-------
Melee: War axe           |    71 |   128 |   233 |   194 ||   626
       Headbutt          |    10 |    25 |    52 |    45 ||   132
 Fire: Hand crossbow     |       |       |   131 |     8 ||   139
Invok: Lesser Servant of |       |       |       |     3 ||     3
       Minor Destruction |       |       |       |     1 ||     1
  Use: Scroll            |       |    12 |    12 |     6 ||    30
       Potion            |       |     1 |     1 |    12 ||    14
  Eat: Bread ration      |     1 |     2 |       |       ||     3
       Meat ration       |       |       |     2 |       ||     2
       Pizza             |       |       |     2 |       ||     2
Armor: Scale mail        |    32 |    42 |   102 |    96 ||   272
Dodge: Dodged            |    37 |    34 |    96 |    85 ||   252
Block: Shield            |    36 |    83 |   234 |   206 ||   559
       Reflection        |       |       |     5 |     2 ||     7
